| TOP OF THE 1ST |
|
Everett AquaSox batting - Pitching for Hudson Valley Renegades : RHP Adam Householder
|
|
Pitching: RHP Adam Householder
|
|
|
Batting: SHB Tony Morales
|
0-0: Ball 1-0: Foul Ball, location: 2F 1-1: Called Strike 1-2: Foul Ball, location: 2F 1-2: Ground out U3 (Groundball, 23, EV 81.2 MPH)
|
|
Batting: RHB Jose Zuniga
|
0-0: Ball 1-0: Ground out 5-3 (Groundball, 5, EV 88.1 MPH)
|
|
Batting: RHB Marco Diaz
|
0-0: Ball 1-0: Swinging Strike 1-1: SINGLE (Line Drive, 89M, EV 91.9 MPH)
|
|
Batting: LHB Chris Jackson
|
0-0: Called Strike 0-1: Ball Passed Ball! Marco Diaz to second 1-1: Ground out 6-3 (Groundball, 56, EV 85.6 MPH)
|
| Top of the 1st over - 0 runs, 1 hit, 0 errors, 1 left on base; Everett 0 - Hudson Valley 0 |
| BOTTOM OF THE 1ST |
|
Hudson Valley Renegades batting - Pitching for Everett AquaSox : RHP Josh Newell
|
|
Pitching: RHP Josh Newell
|
|
|
Batting: LHB Dan Hunt
|
0-0: Called Strike 0-1: Ball 1-1: Foul Ball, location: 2F 1-2: Foul Ball, location: 2F 1-2: Strikes out swinging
|
|
Batting: SHB Josif Popovski
|
0-0: Ball 1-0: Ball 2-0: Foul Ball, location: 2F 2-1: Called Strike 2-2: Foul Ball, location: 2F 2-2: Foul Ball, location: 2F 2-2: Foul Ball, location: 2F 2-2: Ball 3-2: Foul Ball, location: 2F 3-2: Base on Balls
|
|
Batting: LHB Jonathan Spino
|
0-0: Ball Josif Popovski steals 2nd base (no throw) 1-0: Foul Ball, location: 2F 1-1: SINGLE (Groundball, 34D, EV 107.5 MPH) Josif Popovski to third Runner from 3rd tries for Home, SAFE, throw by RF to home
|
|
Batting: LHB Rocky Crowley
|
0-0: Ball Jonathan Spino steals 2nd base 1-0: Swinging Strike 1-1: Swinging Strike 1-2: Ball 2-2: Foul Ball, location: 2F 2-2: Ball 3-2: Ground out 6-3 (Groundball, 6MS, EV 88.8 MPH) Jonathan Spino to third
|
|
Batting: RHB Alex Koral
|
0-0: Ball 1-0: Foul Ball, location: 2F 1-1: Called Strike 1-2: Ball 2-2: Foul Ball, location: 2F 2-2: Ball 3-2: Foul Ball, location: 2F 3-2: Foul Ball, location: 2F 3-2: Strikes out looking
|
| Bottom of the 1st over - 1 run, 1 hit, 0 errors, 1 left on base; Everett 0 - Hudson Valley 1 |
| TOP OF THE 2ND |
|
Everett AquaSox batting - Pitching for Hudson Valley Renegades : RHP Adam Householder
|
|
Batting: LHB William Gonzales
|
0-0: Ball 1-0: Foul Ball, location: 2F 1-1: Called Strike 1-2: DOUBLE (Groundball, 3L, EV 104.4 MPH)
|
|
Batting: RHB Tai Joo
|
0-0: Fly out, F5 (Popup, 5F, EV 58.1 MPH)
|
|
Batting: RHB Jwahir Pili
|
0-0: Ball 1-0: Called Strike 1-1: Swinging Strike 1-2: Ball 2-2: Strikes out swinging
|
|
Batting: RHB Omar Solis
|
0-0: Ball 1-0: Ball Passed Ball! William Gonzales to third 2-0: Fly out, F9 (Flyball, 89S, EV 85.0 MPH)
|
| Top of the 2nd over - 0 runs, 1 hit, 0 errors, 1 left on base; Everett 0 - Hudson Valley 1 |
| BOTTOM OF THE 2ND |
|
Hudson Valley Renegades batting - Pitching for Everett AquaSox : RHP Josh Newell
|
|
Batting: SHB Joshua Jackson
|
0-0: Foul Ball, location: 2F 0-1: Swinging Strike 0-2: Foul Ball, location: 2F 0-2: Ball 1-2: Ball 2-2: Foul Ball, location: 2F 2-2: Foul Ball, location: 2F 2-2: Strikes out swinging
|
|
Batting: RHB Joe Hartigan
|
0-0: Swinging Strike 0-1: Ball 1-1: Ball 2-1: SINGLE (Line Drive, 9LS, EV 106.2 MPH)
|
|
Batting: LHB Alex Genao
|
0-0: Swinging Strike 0-1: Foul Ball, location: 2F 0-2: Fly out, F4 (Popup, 4D, EV 66.2 MPH)
|
|
Batting: RHB Evan Chalarian
|
Pickoff Throw to First - Error! E1 Joe Hartigan to second 0-0: Ball 1-0: DOUBLE (Line Drive, 7LM, EV 107.5 MPH) Joe Hartigan scores
|
|
Batting: LHB Dan Hunt
|
0-0: Called Strike 0-1: Swinging Strike 0-2: Ball 1-2: Strikes out swinging
|
| Bottom of the 2nd over - 1 run, 2 hits, 1 error, 1 left on base; Everett 0 - Hudson Valley 2 |
| TOP OF THE 3RD |
|
Everett AquaSox batting - Pitching for Hudson Valley Renegades : RHP Adam Householder
|
|
Batting: RHB James Bickel
|
0-0: Swinging Strike 0-1: Ground out 6-3 (Groundball, 6, EV 78.8 MPH)
|
|
Batting: SHB Tony Morales
|
0-0: Ball 1-0: Foul Ball, location: 2F 1-1: Ball 2-1: Foul Ball, location: 2F 2-2: Strikes out swinging
|
|
Batting: RHB Jose Zuniga
|
0-0: Ball 1-0: Called Strike 1-1: Ball 2-1: Foul Ball, location: 2F 2-2: Strikes out swinging
|
| Top of the 3rd over - 0 runs, 0 hits, 0 errors, 0 left on base; Everett 0 - Hudson Valley 2 |
| BOTTOM OF THE 3RD |
|
Hudson Valley Renegades batting - Pitching for Everett AquaSox : RHP Josh Newell
|
|
Batting: SHB Josif Popovski
|
0-0: Called Strike 0-1: Foul Ball, location: 2F 0-2: Ball 1-2: Ball 2-2: Strikes out swinging
|
|
Batting: LHB Jonathan Spino
|
0-0: Foul Ball, location: 2F 0-1: Ball 1-1: Ground out 4-3 (Groundball, 4, EV 109.4 MPH)
|
|
Batting: LHB Rocky Crowley
|
0-0: Foul Ball, location: 2F 0-1: Ground out 4-3 (Groundball, 34D, EV 100.0 MPH)
|
| Bottom of the 3rd over - 0 runs, 0 hits, 0 errors, 0 left on base; Everett 0 - Hudson Valley 2 |
| TOP OF THE 4TH |
|
Everett AquaSox batting - Pitching for Hudson Valley Renegades : RHP Adam Householder
|
|
Batting: RHB Marco Diaz
|
0-0: Ball 1-0: Swinging Strike 1-1: Ball 2-1: DOUBLE (Flyball, 8RXD, EV 106.2 MPH)
|
|
Batting: LHB Chris Jackson
|
0-0: Ball 1-0: 2-RUN HOME RUN (Flyball, 9LD, EV 110.0 MPH), Distance : 408 ft
|
|
Batting: LHB William Gonzales
|
0-0: Ball 1-0: Called Strike 1-1: Ball 2-1: Swinging Strike 2-2: Ball 3-2: Foul Ball, location: 2F 3-2: Strikes out swinging
|
|
Batting: RHB Tai Joo
|
0-0: Ball 1-0: Called Strike 1-1: Swinging Strike 1-2: Fly out, F8 (Flyball, 8RD, EV 90.0 MPH)
|
|
Batting: RHB Jwahir Pili
|
0-0: Called Strike 0-1: Ball 1-1: Ground out 1-3 (Groundball, 13, EV 73.1 MPH)
|
| Top of the 4th over - 2 runs, 2 hits, 0 errors, 0 left on base; Everett 2 - Hudson Valley 2 |
| BOTTOM OF THE 4TH |
|
Hudson Valley Renegades batting - Pitching for Everett AquaSox : RHP Josh Newell
|
|
Batting: RHB Alex Koral
|
0-0: Called Strike 0-1: Foul Ball, location: 2F 0-2: Ball 1-2: Foul Ball, location: 2F 1-2: Fly out, F7 (Flyball, 7D, EV 96.2 MPH)
|
|
Batting: SHB Joshua Jackson
|
0-0: Foul Ball, location: 2F 0-1: Ball 1-1: Ball 2-1: Swinging Strike 2-2: Ball 3-2: Strikes out swinging
|
|
Batting: RHB Joe Hartigan
|
0-0: Ball 1-0: Called Strike 1-1: Foul Ball, location: 2F 1-2: Ground out 6-3 (Groundball, 6, EV 81.9 MPH)
|
| Bottom of the 4th over - 0 runs, 0 hits, 0 errors, 0 left on base; Everett 2 - Hudson Valley 2 |
| TOP OF THE 5TH |
|
Everett AquaSox batting - Pitching for Hudson Valley Renegades : RHP Adam Householder
|
|
Batting: RHB Omar Solis
|
0-0: Swinging Strike 0-1: Foul Ball, location: 2F 0-2: Ground out 5-3 (Groundball, 56, EV 91.9 MPH)
|
|
Batting: RHB James Bickel
|
0-0: Ground out 3-1 (Groundball, 34S, EV 92.5 MPH)
|
|
Batting: SHB Tony Morales
|
0-0: SINGLE (Groundball, 56D, EV 101.9 MPH)
|
|
Batting: RHB Jose Zuniga
|
0-0: Called Strike 0-1: Ball 1-1: Ball 2-1: Ball 3-1: SINGLE (Groundball, 6D, EV 95.6 MPH) Tony Morales to second Runner from 2nd tries for 3rd, SAFE, throw by CF made to third
|
|
Batting: RHB Marco Diaz
|
0-0: Ball 1-0: Foul Ball, location: 2F 1-1: Ball 2-1: Ground out 4-3 (Groundball, 4S, EV 71.9 MPH)
|
| Top of the 5th over - 0 runs, 2 hits, 0 errors, 2 left on base; Everett 2 - Hudson Valley 2 |
| BOTTOM OF THE 5TH |
|
Hudson Valley Renegades batting - Pitching for Everett AquaSox : RHP Josh Newell
|
|
Batting: LHB Alex Genao
|
0-0: Swinging Strike 0-1: Ball 1-1: Swinging Strike 1-2: Ball 2-2: Ball 3-2: Strikes out looking
|
|
Batting: RHB Evan Chalarian
|
0-0: Ball 1-0: Ground out 4-3 (Groundball, 13, EV 87.5 MPH)
|
|
Batting: LHB Dan Hunt
|
0-0: Called Strike 0-1: Ground out 4-3 (Groundball, 4, EV 110.0 MPH)
|
| Bottom of the 5th over - 0 runs, 0 hits, 0 errors, 0 left on base; Everett 2 - Hudson Valley 2 |
| TOP OF THE 6TH |
|
Everett AquaSox batting - Pitching for Hudson Valley Renegades : RHP Adam Householder
|
|
Batting: LHB Chris Jackson
|
0-0: Ball 1-0: Hit by Pitch
|
|
Batting: LHB William Gonzales
|
0-0: Called Strike 0-1: Ball 1-1: Ball 2-1: Foul Ball, location: 2F 2-2: Strikes out swinging
|
|
Batting: RHB Tai Joo
|
0-0: Ball Chris Jackson steals 2nd base 1-0: Swinging Strike 1-1: Ball Wild Pitch! Chris Jackson to third 2-1: Foul Ball, location: 2F 2-2: Foul Ball, location: 2F 2-2: Ball 3-2: Foul Ball, location: 2F 3-2: Hit by Pitch
|
|
Batting: RHB Jwahir Pili
|
0-0: Called Strike 0-1: Fly out, F3 (Popup, 3SF, EV 81.2 MPH)
|
|
Batting: RHB Omar Solis
|
0-0: Called Strike 0-1: Ball Wild Pitch! Chris Jackson scores Tai Joo to second 1-1: Ball 2-1: Foul Ball, location: 2F 2-2: Foul Ball, location: 2F 2-2: Foul Ball, location: 2F 2-2: Foul Ball, location: 2F 2-2: Ground out 4-3 (Groundball, 4M, EV 88.1 MPH)
|
| Top of the 6th over - 1 run, 0 hits, 0 errors, 1 left on base; Everett 3 - Hudson Valley 2 |
| BOTTOM OF THE 6TH |
|
Hudson Valley Renegades batting - Pitching for Everett AquaSox : RHP Josh Newell
|
|
Pitching: RHP Jim Tremel
|
|
|
Batting: SHB Josif Popovski
|
0-0: Ball 1-0: Fly out, F8 (Flyball, 8LD, EV 81.2 MPH)
|
|
Batting: LHB Jonathan Spino
|
0-0: Foul Ball, location: 2F 0-1: Foul Ball, location: 2F 0-2: Strikes out looking
|
|
Batting: LHB Rocky Crowley
|
0-0: Ball 1-0: Ball 2-0: Foul Ball, location: 2F 2-1: Foul Ball, location: 2F 2-2: Foul Ball, location: 2F 2-2: Fly out, F9 (Flyball, 89M, EV 78.8 MPH)
|
| Bottom of the 6th over - 0 runs, 0 hits, 0 errors, 0 left on base; Everett 3 - Hudson Valley 2 |
| TOP OF THE 7TH |
|
Everett AquaSox batting - Pitching for Hudson Valley Renegades : RHP Adam Householder
|
|
Batting: RHB James Bickel
|
0-0: Called Strike 0-1: Foul Ball, location: 2F 0-2: Ball 1-2: Strikes out swinging
|
|
Pitching: RHP Bobby Valenzuela
|
|
|
Batting: SHB Tony Morales
|
0-0: Ball 1-0: Ball 2-0: Ball 3-0: Called Strike 3-1: Base on Balls
|
|
Batting: RHB Jose Zuniga
|
0-0: Ball Tony Morales steals 2nd base 1-0: Called Strike 1-1: SINGLE (Line Drive, 34D, EV 96.9 MPH) Tony Morales to third
|
|
Batting: RHB Marco Diaz
|
0-0: Foul Ball, location: 2F 0-1: Ball Passed Ball! Tony Morales scores Jose Zuniga to second 1-1: Foul Ball, location: 2F 1-2: Foul Ball, location: 2F 1-2: Fly out, F9 (Flyball, 9D, EV 97.5 MPH) Runner from 2nd tags up, SAFE at 3rd, no throw by RF
|
|
Batting: LHB Chris Jackson
|
0-0: Called Strike 0-1: Foul Ball, location: 2F 0-2: Strikes out swinging
|
| Top of the 7th over - 1 run, 1 hit, 0 errors, 1 left on base; Everett 4 - Hudson Valley 2 |
| BOTTOM OF THE 7TH |
|
Hudson Valley Renegades batting - Pitching for Everett AquaSox : RHP Jim Tremel
|
|
Batting: RHB Alex Koral
|
0-0: SOLO HOME RUN (Flyball, 7D, EV 97.5 MPH), Distance : 387 ft
|
|
Batting: SHB Joshua Jackson
|
0-0: TRIPLE (Line Drive, 9LD, EV 103.8 MPH)
|
|
Batting: RHB Joe Hartigan
|
0-0: Fly out, F9 (Flyball, 89M, EV 85.0 MPH) Runner from 3rd tags up, SCORES, throw by RF
|
|
Batting: LHB Alex Genao
|
0-0: Ball 1-0: Foul Ball, location: 2F 1-1: Ball 2-1: Hit by Pitch
|
|
Batting: RHB Evan Chalarian
|
0-0: Ball Passed Ball! Alex Genao to second 1-0: Called Strike 1-1: Called Strike 1-2: Foul Ball, location: 2F 1-2: DOUBLE (Groundball, 5L, EV 103.8 MPH) Alex Genao scores
|
|
Pitching: RHP Ian Gaines
|
|
|
Batting: LHB Dan Hunt
|
0-0: Called Strike Evan Chalarian steals 3rd base 0-1: Ball 1-1: Ball 2-1: Swinging Strike 2-2: Foul Ball, location: 2F 2-2: Ball 3-2: Foul Ball, location: 2F 3-2: Base on Balls
|
|
Batting: SHB Josif Popovski
|
0-0: Called Strike Dan Hunt steals 2nd base 0-1: SINGLE (Groundball, 6, EV 104.4 MPH) Evan Chalarian scores Dan Hunt to third Runner from 3rd tries for Home, SAFE, throw by CF to home
|
|
Batting: LHB Jonathan Spino
|
0-0: Ball 1-0: Called Strike 1-1: Ball 2-1: Swinging Strike 2-2: Fly out, F8 (Flyball, 8LS, EV 84.4 MPH)
|
|
Batting: LHB Rocky Crowley
|
0-0: Ball Josif Popovski steals 2nd base 1-0: Foul Ball, location: 2F 1-1: Fly out, F4 (Popup, 34S, EV 70.0 MPH)
|
| Bottom of the 7th over - 5 runs, 4 hits, 0 errors, 1 left on base; Everett 4 - Hudson Valley 7 |
| TOP OF THE 8TH |
|
Everett AquaSox batting - Pitching for Hudson Valley Renegades : RHP Bobby Valenzuela
|
|
Now in RF: Chris Lockart
|
|
|
Batting: LHB William Gonzales
|
0-0: Fly out, F5 (Line Drive, 5, EV 63.8 MPH)
|
|
Batting: RHB Tai Joo
|
0-0: Ball 1-0: Ball 2-0: SINGLE (Groundball, 6MD, EV 100.0 MPH)
|
|
Batting: RHB Jwahir Pili
|
0-0: Fly out, F6 (Line Drive, 6M, EV 70.6 MPH)
|
|
Batting: RHB Omar Solis
|
0-0: Called Strike 0-1: Ball 1-1: Foul Ball, location: 2F 1-2: Ball 2-2: Ball 3-2: Foul Ball, location: 2F 3-2: Foul Ball, location: 2F 3-2: Fly out, F7 (Line Drive, 7D, EV 93.8 MPH)
|
| Top of the 8th over - 0 runs, 1 hit, 0 errors, 1 left on base; Everett 4 - Hudson Valley 7 |
| BOTTOM OF THE 8TH |
|
Hudson Valley Renegades batting - Pitching for Everett AquaSox : RHP Ian Gaines
|
|
Batting: RHB Alex Koral
|
0-0: Called Strike 0-1: Called Strike 0-2: Strikes out swinging
|
|
Batting: SHB Joshua Jackson
|
0-0: Ball 1-0: Foul Ball, location: 2F 1-1: Called Strike 1-2: Ball 2-2: Foul Ball, location: 2F 2-2: Strikes out swinging
|
|
Batting: RHB Joe Hartigan
|
0-0: Ball 1-0: Called Strike 1-1: Ball 2-1: Ground out 1-3 (Groundball, 13, EV 75.6 MPH)
|
| Bottom of the 8th over - 0 runs, 0 hits, 0 errors, 0 left on base; Everett 4 - Hudson Valley 7 |
| TOP OF THE 9TH |
|
Everett AquaSox batting - Pitching for Hudson Valley Renegades : RHP Bobby Valenzuela
|
|
Pitching: LHP Matt Bayer
|
|
|
Pinch Hitting: RHB Heihachiro Fujita
|
0-0: Foul Ball, location: 2F 0-1: Ball 1-1: Ground out 3-1 (Groundball, 13, EV 89.4 MPH)
|
|
Batting: SHB Tony Morales
|
0-0: Ball 1-0: Ground out 1-3 (Groundball, 34S, EV 74.4 MPH)
|
|
Batting: RHB Jose Zuniga
|
0-0: Foul Ball, location: 2F 0-1: Foul Ball, location: 2F 0-2: Strikes out looking
|
| Top of the 9th over - 0 runs, 0 hits, 0 errors, 0 left on base; Everett 4 - Hudson Valley 7 |
|